cohdb
Replays
Latest Replays
All Replays
Popular Replays
Top Player Replays
Match Explorer
How It Works
Community
CoH3 Stats
Reddit
Sign in to upload your games and track your stats! →
Sign in with Steam
Match 47066973
Unlisted
Match 47066973
Overview
Messages
Build Orders
End
Kettenkrad Recon Vehicle
Construct Infanterie Kompanie
Grenadier Squad
MG 42 Machine Gun Team
Grenadier Squad
Selects Breakthrough Battlegroup
Kettenkrad Recon Vehicle
Selects Rapid Production
Selects Assault Grenadiers
Medical Station
Construct Luftwaffe Kompanie
Jäger Squad
221 Scout Car
Pioneer Squad
Grenadier Squad
Grenadier Squad
Support Elements
Jäger Squad
Jäger Squad
Wirbelwind Flakpanzer
Pioneer Squad
Selects Smoke Bombing Run
Construct Panzergrenadier Kompanie
Wirbelwind Flakpanzer
AI Takeover
grandjii
3205998327
Shingles
Gunshy
0
0
Comments
sign in to comment!
No comments posted yet!